 Dungeon Sprint DCSS version 0.31-a0-846-gb3bcc0d938 (webtiles) character file.

Game seed: 16425579361522911394

22818 rocky1 the Bludgeoner (level 13, -7/134 HPs)
             Began as a Naga Fighter on Oct 4, 2023.
             Was the Champion of Cheibriados.
             Killed from afar by a deep elf sorcerer (40 damage)
             ... with a bolt of acid
             ... in the Dungeon (Sprint VII: "The Pits").
             The game lasted 00:07:45 (3020 turns).

rocky1 the Bludgeoner (Naga Fighter)                Turns: 3020, Time: 00:07:46

Health: -7/134     AC: 14    Str: 40    XL:     13   Next: 2%
Magic:  3/22       EV: 17    Int: 27    God:    Cheibriados [******]
Gold:   26         SH:  9    Dex: 27    Spells: 12/12 levels left

rFire   . . .        u - +10 morningstar "Eos" {elec, Halo rElec}
rCold   + . .        c - +0 buckler
rNeg    . . .        o - +1 chain mail {rC+}
rPois   +            y - +0 helmet
rElec   +            w - +0 cloak
rCorr   .            v - +0 pair of gloves
SInv    +            (no barding)
Will    +....        (no amulet) Stlth
                     r - +3 ring of strength
HPRegen 0.42/turn    s - +3 ring of intelligence
MPRegen 0.18/turn

%: no teleportation
@: corroded, glowing, very slow
A: AC +4, large, see invisible, deformed body, poison resistance, slowness 2,
spit poison 1, naga tail 2
a: Spit Poison, Renounce Religion, Bend Time, Temporal Distortion, Slouch, Step
From Time


You were in the Dungeon.
You worshipped Cheibriados.
Cheibriados was exalted by your worship.
You visited 1 branch You collected 26 gold pieces.

Inventory:

Hand Weapons
 q - a +3 flail of holy wrath
 u - the +10 morningstar "Eos" (weapon) {elec, Halo rElec}
   (You found it in the Dungeon)

   Halo:      It grants its wielder a halo, revealing invisible creatures and
   increasing accuracy against all within it other than the wielder.
   rElec:     It insulates you from electricity.
Missiles
 b - 7 javelins (quivered)
 E - 4 curare-tipped darts
Armour
 c - a +0 buckler (worn)
 o - a +1 chain mail of cold resistance (worn)
 v - a +0 pair of gloves (worn)
 w - a +0 cloak (worn)
 y - a +0 helmet (worn)
Jewellery
 g - a ring of ice
 r - a +3 ring of strength (left hand)
 s - a +3 ring of intelligence (right hand)
 D - a ring of resist corrosion
Wands
 p - a wand of paralysis (3)
Scrolls
 j - 3 scrolls of blinking
 l - 2 scrolls of vulnerability
 m - 5 scrolls of amnesia
 n - a scroll of butterflies
 x - 2 scrolls of fog
 z - 2 scrolls of enchant weapon
 A - 4 scrolls of enchant armour
 B - a scroll of identify
 C - a scroll of poison
Potions
 d - 4 potions of might
 e - 7 potions of curing
 f - 17 potions of heal wounds
 h - 4 potions of magic
 i - 5 potions of berserk rage
 k - 2 potions of invisibility
 t - a potion of mutation


   Skills:
 + Level 13.8 Fighting
 * Level 18.2 Maces & Flails
 + Level 11.7 Armour
 + Level 11.0 Dodging
 + Level 12.3 Shields
 - Level 12.5 Invocations


You had 12 spell levels left.
You didn't know any spells.
Your spell library contained the following spells:

 Spells                   Type           Power      Damage    Failure   Level
 Sting                    Tmut/Pois      0%         1d3       30%         1
 Poisonous Vapours        Pois/Air       0%         N/A       41%         2
 Mephitic Cloud           Conj/Pois/Air  0%         N/A       65%         3
 Olgreb's Toxic Radiance  Pois           0%         N/A       96%         4
 Borgnjor's Revivificati  Necr           0%         N/A       100%        8
 Death's Door             Necr           0%         N/A       100%        9


Dungeon Overview and Level Annotations

Branches:
Dungeon (1/1)

Altars:
Ashenzari
Cheibriados
Dithmenos
Elyvilon
Fedhas
Gozag
Hepliaklqana
Kikubaaqudgha
Makhleb
Nemelex Xobeh
Okawaru
Qazlal
Ru
Sif Muna
Trog
Uskayaw
Vehumet
Wu Jian
Xom
Yredelemnul
Zin
The Shining One
Jiyva
Lugonu


Innate Abilities, Weirdness & Mutations

Your serpentine skin is tough. (AC +4)
You have supernaturally acute eyesight. (SInv)
Armour fits poorly on your strangely shaped body.
Your system is resistant to poisons. (rPois)
You cover ground very slowly.
You can spit poison.
You can use your snake-like lower body to constrict enemies.


Message History

You kill the deep elf annihilator!
Cheibriados appreciates the change of pace.
The purple draconian shifter roars!
Your Maces & Flails skill increases to level 18!
Your Dodging skill increases to level 11!
Unknown command.
The purple draconian attacks as it pursues you!
You block the purple draconian's attack.
The purple draconian hits you from afar with a +0 halberd!!
You block the purple draconian's attack.
There is a huge open gate to the Coven (Very Hard), spattered with blood here.
The purple draconian breathes dispelling energy at you.
The bolt of dispelling energy hits you!!
The purple draconian breathes dispelling energy at you.
The bolt of dispelling energy hits you!!!
* * * LOW HITPOINT WARNING * * *
The purple draconian hits you but does no damage.
You feel much better.
You block the purple draconian's attack.
Activating: Slouch (1% risk of failure)
Press: ? - help, Dir - look around, f - activate You can feel time thicken for a moment.
You kill the purple draconian!
Cheibriados appreciates the change of pace.
The yellow draconian spits acid at you. The glob of acid hits you!
The acid corrodes you!
You have reached level 13!
Your tail grows strong enough to constrict your enemies.
Unknown command.
The purple draconian shifter casts a spell at you.
The yellow draconian blinks!
The deep elf sorcerer blinks into view!
The deep elf sorcerer casts a spell at you.
You resist with some effort. The yellow draconian misses you.
The purple draconian shifter breathes dispelling energy at you.
The bolt of dispelling energy hits you!!
Your magical effects are unravelling.
* * * LOW HITPOINT WARNING * * *
The deep elf sorcerer points at you and mumbles some strange words.
The bolt of acid hits you!!!
You die...

#.)#
#).#
#.)#
#))#
#.)#
#..#
#.e#
#.d#
#@'#
#q'#
#.§.#
#§..##
#...##
)...#
§#.).
q ##).
...


You could see a yellow draconian, a purple draconian shifter (catching breath)
and a deep elf sorcerer.

Vanquished Creatures
  2 deep elf annihilators (D)
  A deep elf demonologist (D)
  A purple draconian (D)
  An eidolon (D)
  A great orb of eyes (D)
  An ogre mage (D)
  An anaconda (D)
  4 two-headed ogres (D)
  Urug (D)
  A fire crab (D)
  A sixfirhy (D)
  2 flayed ghosts (D)
  A swamp dragon (D)
  A deep elf pyromancer (D)
  A phantasmal warrior (D)
  A manticore (D)
  An elephant (D)
  A black mamba (D)
  Joseph (D)
  A naga mage (D)
  An eye of devastation (D)
  A molten gargoyle (D)
  A smoke demon (D)
  2 gargoyles (D)
  An unseen horror (D)
  A cane toad (D)
  2 kobold demonologists (D)
  2 freezing wraiths (D)
  An ice devil (D)
  A tyrant leech (D)
  A wind drake (D)
  3 blink frogs (D)
  Grinder (D)
  8 dream sheep (D)
  A water elemental (D)
  A flying skull (D)
  A wraith (D)
  3 redbacks (D)
  4 vampire mosquitoes (D)
  3 nagas (D)
  Edmund (D)
  A water moccasin (D)
  A floating eye (D)
  A sky beast (D)
  6 wolves (D)
  3 ogres (D)
  3 centaurs (D)
  2 phantoms (D)
  3 kobold brigands (D)
  A bullfrog (D)
  3 scorpions (D)
  4 killer bees (D)
  A quasit (D)
  A jelly (D)
  An orc priest (D)
  An orc wizard (D)
  A gnoll (D)
  An adder (D)
  A white imp (D)
  An adder zombie (D)
  6 orcs (D)
  A giant cockroach (D)
  2 goblins (D)
  4 jackals (D)
  7 kobolds (D)
  A frilled lizard (D)
  A giant cockroach zombie (D)
  A rat (D)
124 creatures vanquished.

Vanquished Creatures (others)
  An orc (D)
1 creature vanquished.

Grand Total: 125 creatures vanquished

Notes
Turn   | Place    | Note
-------+----------+-------------------------------------------
     0 | D        | rocky1 the Naga Fighter began the quest for the Orb.
     0 | D        | Reached XP level 1. HP: 21/21 MP: 1/1
    13 | D        | Noticed a floating eye
    16 | D        | Killed a floating eye
    17 | D        | Reached skill level 5 in Maces & Flails
    17 | D        | Reached XP level 2. HP: 31/31 MP: 2/2
    17 | D        | Reached XP level 3. HP: 37/37 MP: 3/3
    17 | D        | Reached XP level 4. HP: 45/45 MP: 4/4
    47 | D        | Found a bloodstained altar of Trog.
    47 | D        | Found a shimmering blue altar of Sif Muna.
    47 | D        | Found a viscous altar of Jiyva.
    47 | D        | Found a hazy altar of Hepliaklqana.
    47 | D        | Found an opulent altar of Gozag.
    48 | D        | Found a glowing golden altar of the Shining One.
    48 | D        | Found a glowing silver altar of Zin.
    48 | D        | Found a basalt altar of Yredelemnul.
    48 | D        | Found a shimmering altar of Xom.
    48 | D        | Found an ornate altar of the Wu Jian Council.
    48 | D        | Found a sacrificial altar of Ru.
    48 | D        | Found a stormy altar of Qazlal.
    48 | D        | Found an iron altar of Okawaru.
    48 | D        | Found a sparkling altar of Nemelex Xobeh.
    48 | D        | Found a burning altar of Makhleb.
    48 | D        | Found a blossoming altar of Fedhas.
    48 | D        | Found a white marble altar of Elyvilon.
    48 | D        | Found a shadowy altar of Dithmenos.
    48 | D        | Found a snail-covered altar of Cheibriados.
    52 | D        | Found a corrupted altar of Lugonu.
    52 | D        | Found a radiant altar of Vehumet.
    53 | D        | Found a broken altar of Ashenzari.
    53 | D        | Found an ancient bone altar of Kikubaaqudgha.
    53 | D        | Found a hide-covered altar of Uskayaw.
    61 | D        | Became a worshipper of Cheibriados the Contemplative
    77 | D        | Noticed a scorpion
    86 | D        | Killed a scorpion
    86 | D        | Reached * piety under Cheibriados
    87 | D        | Reached skill level 5 in Fighting
    87 | D        | Reached skill level 6 in Maces & Flails
    87 | D        | Reached XP level 5. HP: 34/52 MP: 5/5
   420 | D        | Reached ** piety under Cheibriados
   421 | D        | Reached skill level 7 in Maces & Flails
   421 | D        | Reached skill level 5 in Shields
   429 | D        | Reached XP level 6. HP: 53/62 MP: 6/6
   435 | D        | Reached *** piety under Cheibriados
   641 | D        | Noticed Edmund
   650 | D        | Killed Edmund
   651 | D        | Reached skill level 8 in Maces & Flails
   651 | D        | Reached skill level 5 in Armour
   652 | D        | Reached **** piety under Cheibriados
   695 | D        | Reached XP level 7. HP: 65/70 MP: 7/9
   706 | D        | Reached ***** piety under Cheibriados
   718 | D        | Noticed a redback
   722 | D        | Killed a redback
   723 | D        | Reached skill level 9 in Maces & Flails
  1017 | D        | Reached skill level 5 in Dodging
  1133 | D        | Noticed an elephant
  1134 | D        | Reached ****** piety under Cheibriados
  1135 | D        | Reached XP level 8. HP: 77/80 MP: 5/11
  1139 | D        | Killed an elephant
  1140 | D        | Reached skill level 10 in Maces & Flails
  1140 | D        | Reached skill level 5 in Invocations
  1285 | D        | Found the +10 morningstar "Eos" {elec, Halo rElec}
  1426 | D        | Noticed a molten gargoyle
  1426 | D        | Noticed a kobold demonologist
  1426 | D        | Noticed a kobold demonologist
  1428 | D        | Killed a kobold demonologist
  1428 | D        | Killed a kobold demonologist
  1428 | D        | Killed a molten gargoyle
  1429 | D        | Reached skill level 11 in Maces & Flails
  1429 | D        | Reached XP level 9. HP: 91/91 MP: 2/14
  1644 | D        | Noticed a freezing wraith
  1644 | D        | Noticed a tyrant leech
  1650 | D        | Killed a tyrant leech
  1651 | D        | Reached skill level 12 in Maces & Flails
  1656 | D        | Killed a freezing wraith
  1728 | D        | Noticed a freezing wraith
  1732 | D        | Reached XP level 10. HP: 54/99 MP: 15/15
  1737 | D        | Reached skill level 10 in Fighting
  1737 | D        | Reached skill level 13 in Maces & Flails
  1926 | D        | Noticed an unseen horror
  1926 | D        | Noticed a cane toad
  1926 | D        | Noticed a gargoyle
  1927 | D        | Noticed Urug
  1929 | D        | Killed a cane toad
  1932 | D        | Killed a gargoyle
  1934 | D        | Killed an unseen horror
  1938 | D        | Killed Urug
  2125 | D        | Noticed a gargoyle
  2125 | D        | Noticed a deep elf pyromancer
  2132 | D        | Killed a deep elf pyromancer
  2133 | D        | Reached skill level 14 in Maces & Flails
  2137 | D        | Killed a gargoyle
  2138 | D        | Reached XP level 11. HP: 97/110 MP: 18/18
  2170 | D        | Noticed a great orb of eyes
  2171 | D        | Noticed an eidolon
  2179 | D        | Killed an eidolon
  2185 | D        | Killed a great orb of eyes
  2186 | D        | Reached skill level 10 in Shields
  2186 | D        | Reached skill level 10 in Invocations
  2192 | D        | Got Ynaos's Tractate on Impure Shadows
  2311 | D        | Noticed Grinder
  2311 | D        | Noticed a phantasmal warrior
  2317 | D        | Reached skill level 15 in Maces & Flails
  2317 | D        | Killed a phantasmal warrior
  2318 | D        | Reached skill level 10 in Armour
  2318 | D        | Noticed a flayed ghost
  2320 | D        | Killed Grinder
  2325 | D        | Killed a flayed ghost
  2585 | D        | Noticed a flayed ghost
  2586 | D        | Noticed Joseph
  2590 | D        | Killed a flayed ghost
  2596 | D        | Killed Joseph
  2597 | D        | Reached skill level 16 in Maces & Flails
  2607 | D        | Noticed a swamp dragon
  2615 | D        | Reached XP level 12. HP: 96/123 MP: 14/20
  2706 | D        | Reached skill level 10 in Dodging
  2801 | D        | Noticed an ogre mage
  2803 | D        | Noticed a two-headed ogre
  2806 | D        | Killed an ogre mage
  2807 | D        | Noticed a two-headed ogre
  2807 | D        | Noticed a two-headed ogre
  2807 | D        | Noticed a two-headed ogre
  2809 | D        | Killed a two-headed ogre
  2809 | D        | Killed a two-headed ogre
  2809 | D        | Killed a two-headed ogre
  2809 | D        | Killed a two-headed ogre
  2810 | D        | Reached skill level 17 in Maces & Flails
  2877 | D        | Noticed an anaconda
  2881 | D        | Killed an anaconda
  3010 | D        | Noticed a deep elf demonologist
  3010 | D        | Noticed a purple draconian
  3010 | D        | Noticed a deep elf sorcerer
  3010 | D        | Noticed a deep elf annihilator
  3010 | D        | Noticed a deep elf annihilator
  3011 | D        | Noticed a yellow draconian
  3013 | D        | Noticed a purple draconian shifter
  3013 | D        | Killed a deep elf demonologist
  3013 | D        | Killed a deep elf annihilator
  3013 | D        | Killed a deep elf annihilator
  3014 | D        | Reached skill level 18 in Maces & Flails
  3018 | D        | Killed a purple draconian
  3019 | D        | Gained mutation: You can use your snake-like lower body to
                  | constrict enemies. [Naga growth]
  3019 | D        | Reached XP level 13. HP: 51/134 MP: 3/22
  3020 | D        | Killed from afar by a deep elf sorcerer

Illustrated notes

Levels and vault maps discovered:
D:        pitsprint [storerooms_1, entrance_room_1, metal_vault_1, armoury_2,
          mini_pit_1, grid_room_1, main_hall_1, silver_pit, the_coven_1,
          the_vestibule_1, steel_vault_4, golden_pit, hallway_of_sentries,
          crystal_vault_1, iron_vault_2, final_vault]

Skill      XL: |  1  2  3  4  5  6  7  8  9 10 11 12 |
---------------+-------------------------------------+-----
Fighting       | 4 5 6 7 9 10 12 13 | 13.8
Maces & Flails | 5 6 7 8 9 11 12 14 16 18 | 18.2
Armour         | 3 4 5 6 7 8 9 10 11 | 11.7
Dodging        | 2 3 4 5 6 7 8 9 11 | 11.0
Shields        | 4 5 6 7 8 9 11 12 | 12.3
Invocations    | 3 4 7 9 11 12 | 12.5

Action                     |  1- 3 |  4- 6 |  7- 9 | 10-12 | 13-15 || total
---------------------------+-------+-------+-------+-------+-------++-------
  Melee: Flail             |     2 |    43 |    24 |       |       ||    69
         Morningstar       |       |       |    22 |    98 |       ||   120
 Invoke: Slouch            |       |       |     3 |    10 |       ||    13
Ability: Spit Poison       |       |     2 |     2 |       |       ||     4
    Use: Potion            |       |     1 |       |     1 |       ||     2
 Armour: Scale mail        |       |    22 |    21 |       |       ||    43
         Chain mail        |       |       |    25 |    61 |     2 ||    88
  Dodge: Dodged            |       |    15 |    22 |    59 |     1 ||    97
  Block: Buckler           |       |     4 |    24 |    28 |       ||    56

Table legend: (Time is in decaauts)
 A = Elapsed time spent in this place.
 B = Non-inter-level travel time spent in this place.
 C = Inter-level travel time spent in this place.
 D = Time resting spent in this place.
 E = Time spent auto-exploring this place.
 F = Levels seen in this place.
 G = Mean time per level.
                   A        B        C        D        E       F      G
               +--------+--------+--------+--------+--------+-----+--------+
         Total |   3899 |   3646 |    253 |   2091 |      0 |   1 | 3899.0 |
       Dungeon |   3899 |   3646 |    253 |   2091 |      0 |   1 | 3899.0 |
               +--------+--------+--------+--------+--------+-----+--------+

Top non-repeatable levels by time:
       D: 3899 daAuts
